 Dungeon Crawl Stone Soup version 0.25.0-10-g039870ee82 (webtiles) character file.

Game seed: 9270212026194030209

7416 DungeonDestroyer the Blocker (level 11, -1/69 HPs)
             Began as a Gnoll Fighter on June 22, 2020.
             Was a Plaything of Xom.
             Killed from afar by Nergalle (30 damage)
             ... with a bolt of negative energy
             ... on level 10 of the Dungeon.
             The game lasted 00:20:42 (11083 turns).

DungeonDestroyer the Blocker (Gnoll Fighter)       Turns: 11083, Time: 00:20:42

Health: -1/69      AC: 15    Str: 18    XL:     11   Next: 14%
Magic:  21/21      EV: 11    Int: 11    God:    Xom [.*....]
Gold:   366        SH: 11    Dex: 16    Spells: 21/21 levels left

rFire    . . .     SeeInvis .   a - +1 war axe (elec)
rCold    + . .     Gourm    .   c - +0 kite shield
rNeg     . . .     Faith    .   H - +3 scale mail
rPois    .         Spirit   .   A - +0 helmet
rElec    .         Reflect  .   z - scarf {repulsion}
rCorr    .         Harm     .   j - +0 pair of gloves
MR       .....     Clarity  +   k - +0 pair of boots
Stlth    ++........             (no amulet)
HPRegen  0.61/turn              o - ring of protection from cold
MPRegen  0.17/turn              (no ring)

@: drained, repel missiles
A: distributed training, fangs 1, blurry vision 1, clarity, frail 2, high mp 1,
regeneration 1, screaming 1, weak 1, strong nose
a: Renounce Religion


You were on level 10 of the Dungeon.
You worshipped Xom.
You were a plaything of Xom.
You were full.

You visited 2 branches of the dungeon, and saw 11 of its levels.
You visited the Abyss 1 time.

You collected 552 gold pieces.
You spent 186 gold pieces at shops.

Inventory:

Hand Weapons
 a - a +1 war axe of electrocution (weapon)
 i - a +2 broad axe of distortion
 t - a +0 morningstar
 I - a +2 scimitar of flaming
Missiles
 e - 248 stones
 h - 181 arrows
 l - 14 javelins (quivered)
 n - 81 bolts
 q - 57 sling bullets
 r - 4 throwing nets
 v - 9 boomerangs
Armour
 c - a +0 kite shield (worn)
 j - a +0 pair of gloves (worn)
 k - a +0 pair of boots (worn)
 z - a scarf of repulsion (worn)
 A - a +0 helmet (worn)
 G - +0 steam dragon scales
 H - a +3 scale mail (worn)
Jewellery
 o - a ring of protection from cold (left hand)
Wands
 d - a wand of digging (6)
 y - a wand of flame (5)
Scrolls
 b - a scroll of enchant armour
 g - 3 scrolls of remove curse
 p - a scroll of blinking
 s - a scroll of identify
 x - 3 scrolls of amnesia
 B - a scroll of fog
 C - 5 scrolls of teleportation
 D - 2 scrolls of enchant weapon
 F - a scroll of fear
 J - a scroll of brand weapon
Potions
 m - 2 potions of curing
 u - a potion of lignification
 w - a potion of cancellation
 E - a potion of heal wounds
Comestibles
 f - 19 rations


   Skills:
 + Level 8.9(8.2) Fighting
 + Level 5.9(5.2) Short Blades
 + Level 5.9(5.2) Long Blades
 + Level 7.5(6.8) Axes
 + Level 5.9(5.2) Maces & Flails
 + Level 5.9(5.2) Polearms
 + Level 5.9(5.2) Staves
 + Level 5.9(5.2) Slings
 + Level 5.9(5.2) Bows
 + Level 5.9(5.2) Crossbows
 + Level 5.9(5.2) Throwing
 + Level 8.9(8.2) Armour
 + Level 5.9(5.2) Dodging
 + Level 5.9(5.2) Stealth
 + Level 8.9(8.2) Shields
 + Level 5.9(5.2) Unarmed Combat
 + Level 5.9(5.2) Spellcasting
 + Level 4.9(4.2) Conjurations
 + Level 4.9(4.2) Hexes
 + Level 4.9(4.2) Charms
 + Level 4.9(4.2) Summonings
 + Level 4.9(4.2) Necromancy
 + Level 4.9(4.2) Translocations
 + Level 4.9(4.2) Transmutations
 + Level 4.9(4.2) Fire Magic
 + Level 4.9(4.2) Ice Magic
 + Level 4.9(4.2) Air Magic
 + Level 4.9(4.2) Earth Magic
 + Level 4.9(4.2) Poison Magic
 + Level 6.5(5.8) Invocations
 + Level 5.9(5.2) Evocations


You had 21 spell levels left.
You didn't know any spells.
Your spell library contained the following spells:

 Spells                   Type           Power        Failure   Level  Hunger
 Beastly Appendage        Tmut           ##....       24%         1    None
 Sticks to Snakes         Tmut           ##......     34%         2    ##.....
 Spider Form              Tmut/Pois      ##........   56%         3    ###....
 Ice Form                 Ice/Tmut       ##......     93%         4    ####...
 Blade Hands              Tmut           ##........   100%        5    ######.


Dungeon Overview and Level Annotations

Branches:
Dungeon (10/15)            Temple (1/1) D:6
   Lair: D:8-11         Orc: D:9-12

Altars:
Ashenzari
Cheibriados
Dithmenos
Elyvilon
Fedhas
Gozag
Hepliaklqana
Kikubaaqudgha
Makhleb
Nemelex Xobeh
Okawaru
Qazlal
Ru
Sif Muna
Trog
Uskayaw
Vehumet
Wu Jian
Xom
Yredelemnul
Zin
The Shining One

Shops:
D:6 ?   D:8 *

Annotations:
D:3 3 runed translucent doors, Azzoler's ghost, amateur GnWz
D:5 2 transporters, Dickchan's ghost, amateur MfSk
D:10 Nergalle; Snorg


Innate Abilities, Weirdness & Mutations

Your experience applies equally to all skills.
You have very sharp teeth.
Your uncanny sense of smell can sniff out nearby items.
Scrolls take you a little longer to read.
You possess an exceptional clarity of mind.
You are very frail. (-20% HP)
You have an increased reservoir of magic. (+10% MP)
Your natural rate of healing is unusually fast.
You occasionally shout uncontrollably at your foes.
You are weak. (Str -2)


Message History

You hit the jackal but do no damage. Lightning courses through the jackal!
You kill the jackal!
Nergalle the Soulbinder comes into view.
She is wielding a +2 dagger of draining.
Unknown command.
A two-headed ogre comes into view.
It is wielding a +0 giant club and a +0 dire flail.
You bark at the two-headed ogre!
The two-headed ogre shouts in stereo!
Found 24 bolts.
You see here a jackal corpse.
Unknown command.
Unknown command.
You hit Snorg but do no damage.
Snorg goes berserk!
Xom thinks this is hilarious!
Unknown command.
You closely miss Snorg. Snorg bites you!! Snorg claws you but does no damage.
You block Snorg's attack. Snorg bites you! Snorg claws you. Snorg claws you!
Nergalle gestures at you while chanting.
The bolt of negative energy hits you!!
You feel drained.
You die...
Xom titters!

...............
(...............
.................
.................
................#
...........O...#
#.........o...#
#......T....#
#...)†@...##
##....)).##
##.....## ##.)<##
#####


You could see Snorg (berserk), Nergalle and a two-headed ogre.

Vanquished Creatures
  A hydra (D:9)
  Erica (D:9)
  A two-headed ogre (D:9)
  Maggie (D:8)
  A wyvern (D:8)
  Grum (D:9)
  4 yaks (D:8)
  2 steam dragons (D:7)
  A water moccasin (D:8)
  A porcupine (D:5)
  2 black bears
  An ice beast (D:7)
  2 orc warriors
  2 sky beasts
  A necrophage (D:6)
  2 ogres
  A hornet zombie (D:7)
  3 phantoms
  2 wolves (D:9)
  4 centaurs
  3 big kobolds
  3 bullfrogs
  A gnoll sergeant (D:6)
  A water moccasin zombie (D:4)
  A wyvern skeleton (D:9)
  2 scorpions
  A water moccasin skeleton (D:9)
  3 killer bees (D:9)
  2 howler monkeys (D:7)
  2 electric eels (D:6)
  6 crimson imps
  A centaur zombie (D:8)
  2 quasits
  4 jellies
  9 orc priests
  A hound (D:6)
  6 orc wizards
  2 bullfrog skeletons
  2 iguanas
  Terence (D:2)
  3 worker ants
  2 hound zombies
  A hound skeleton (D:6)
  13 adders
  9 gnolls
  A howler monkey skeleton (D:6)
  2 shadow imps
  An ooze (D:1)
  A worm (D:9)
  A dart slug (D:1)
  11 leopard geckos
  22 orcs
  9 bats
  4 bat zombies (D:3)
  4 giant cockroaches
  3 goblins
  11 hobgoblins
  9 jackals
  18 kobolds
  7 quokkas
  3 frilled lizards
  8 rats
  A rat zombie (D:3)
231 creatures vanquished.

Notes
Turn   | Place    | Note
-------+----------+-------------------------------------------
     0 | D:1      | DungeonDestroyer the Gnoll Fighter began the quest for the
                  | Orb.
     0 | D:1      | Reached XP level 1. HP: 23/23 MP: 1/1
   205 | D:1      | Reached XP level 2. HP: 29/29 MP: 2/2
   594 | D:1      | Reached XP level 3. HP: 32/35 MP: 3/3
   972 | D:2      | Reached skill level 1 in Invocations
   996 | D:2      | Found a sacrificial altar of Ru.
  1103 | D:2      | Reached skill level 1 in Short Blades
  1103 | D:2      | Reached skill level 1 in Long Blades
  1103 | D:2      | Reached skill level 1 in Maces & Flails
  1103 | D:2      | Reached skill level 1 in Polearms
  1103 | D:2      | Reached skill level 1 in Staves
  1103 | D:2      | Reached skill level 1 in Slings
  1103 | D:2      | Reached skill level 1 in Bows
  1103 | D:2      | Reached skill level 1 in Crossbows
  1103 | D:2      | Reached skill level 1 in Throwing
  1103 | D:2      | Reached skill level 1 in Dodging
  1103 | D:2      | Reached skill level 1 in Stealth
  1103 | D:2      | Reached skill level 1 in Unarmed Combat
  1103 | D:2      | Reached skill level 1 in Spellcasting
  1103 | D:2      | Reached skill level 1 in Evocations
  1103 | D:2      | Reached XP level 4. HP: 41/41 MP: 5/5
  1383 | D:2      | Reached skill level 1 in Conjurations
  1383 | D:2      | Reached skill level 1 in Hexes
  1383 | D:2      | Reached skill level 1 in Charms
  1383 | D:2      | Reached skill level 1 in Summonings
  1383 | D:2      | Reached skill level 1 in Necromancy
  1383 | D:2      | Reached skill level 1 in Translocations
  1383 | D:2      | Reached skill level 1 in Transmutations
  1383 | D:2      | Reached skill level 1 in Fire Magic
  1383 | D:2      | Reached skill level 1 in Ice Magic
  1383 | D:2      | Reached skill level 1 in Air Magic
  1383 | D:2      | Reached skill level 1 in Earth Magic
  1383 | D:2      | Reached skill level 1 in Poison Magic
  1394 | D:2      | Reached XP level 5. HP: 47/47 MP: 6/6
  1514 | D:2      | Noticed Terence
  1528 | D:2      | Killed Terence
  1878 | D:3      | Noticed a big kobold
  1897 | D:3      | Killed a big kobold
  1897 | D:3      | Reached XP level 6. HP: 47/53 MP: 8/8
  1950 | D:3      | Found a runed translucent gate.
  1950 | D:3      | Found a runed translucent gate.
  1950 | D:3      | Found a runed translucent gate.
  1950 | D:3      | Noticed Azzoler's ghost (amateur GnWz)
  2301 | D:3      | Found a shimmering altar of Xom.
  2310 | D:3      | Became a worshipper of Xom of Chaos
  2469 | D:3      | Found an ancient bone altar of Kikubaaqudgha.
  2554 | D:3      | Reached skill level 5 in Axes
  2609 | D:3      | XOM: divination: detect items
  2630 | D:3      | XOM: silly message
  2841 | D:4      | Reached XP level 7. HP: 56/59 MP: 10/10
  2877 | D:4      | Found a shadowy altar of Dithmenos.
  2888 | D:4      | XOM: potion effect (brilliance)
  3128 | D:4      | Found a radiant altar of Vehumet.
  3366 | D:4      | XOM: summons 4 hostile shadow creatures
  3499 | D:5      | Entered Level 5 of the Dungeon
  3643 | D:5      | XOM: silly message
  3774 | D:5      | Found an opulent altar of Gozag.
  3792 | D:5      | XOM is BORED!
  3792 | D:5      | XOM: give mutations
  3792 | D:5      | Gained mutation: You are clumsy. (Dex -2) [Xom's mischief]
  3792 | D:5      | Gained mutation: Scrolls take you a little longer to read.
                  | [Xom's mischief]
  3792 | D:5      | Gained mutation: You are dopey. (Int -2) [Xom's mischief]
  3792 | D:5      | Lost mutation: You are dopey. (Int -2) [Xom's mischief]
  3881 | D:5      | XOM: polymorph orc wizard -> porcupine
  3887 | D:5      | Reached XP level 8. HP: 50/67 MP: 12/12
  3988 | D:5      | XOM: 2-stop teleportation journey
  4081 | D:5      | XOM: silly message
  4283 | D:5      | Found a transporter.
  4287 | D:5      | Found a transporter.
  4287 | D:5      | Noticed Dickchan's ghost (amateur MfSk)
  4436 | D:5      | XOM: torment (35/67 hp)
  4944 | D:6      | Found Plog's Magic Scroll Boutique.
  4950 | D:6      | Bought a scroll of enchant armour for 82 gold pieces
  4950 | D:6      | Bought a scroll of remove curse for 33 gold pieces
  4950 | D:6      | Bought a scroll of remove curse for 33 gold pieces
  4950 | D:6      | Bought a scroll of amnesia for 38 gold pieces
  5044 | D:6      | Found a staircase to the Ecumenical Temple.
  5068 | Temple   | Entered the Ecumenical Temple
  5283 | D:6      | XOM: give mutation
  5283 | D:6      | Gained mutation: You possess an exceptional clarity of
                  | mind. [Xom's mischief]
  5364 | D:6      | Found a stormy altar of Qazlal.
  5392 | D:6      | Reached XP level 9. HP: 60/70 MP: 14/14
  5651 | D:6      | Found a bloodstained altar of Trog.
  5861 | D:6      | XOM: god gift: whip {god gift}
  5911 | D:6      | XOM: smoke on damage
  5912 | D:6      | HP: 3/72 [poisoned by an orc warrior]
  6161 | D:6      | XOM: 10-stop teleportation journey
  6200 | D:6      | XOM: 1-stop teleportation journey
  6740 | D:6      | Found a basalt altar of Yredelemnul.
  6760 | D:6      | XOM: smoke on damage
  7369 | D:6      | Found a glowing silver altar of Zin.
  7558 | D:7      | XOM: chaos cloud
  7559 | D:7      | XOM: blink monster(s)
  7613 | D:7      | XOM: enchant monster (bad)
  7938 | D:7      | XOM: cleaving
  7942 | D:7      | XOM: enchant monster (good)
  7982 | D:7      | XOM: divination: detect creatures
  8020 | D:7      | XOM: potion effect (brilliance)
  8290 | D:7      | Reached skill level 5 in Invocations
  8336 | D:7      | XOM: enchant monster (good)
  8454 | D:7      | Reached XP level 10. HP: 22/80 MP: 15/17
  8829 | D:8      | XOM: 3-stop teleportation journey
  8918 | D:8      | Noticed Maggie
  8921 | D:8      | Cast into level 2 of the Abyss (Maggie)
  8921 | D:8      | Escaped the Abyss
  8921 | D:8      | XOM: revert banishment
  8929 | D:8      | Killed Maggie
  8957 | D:8      | XOM: 1-stop teleportation journey
  8961 | D:8      | XOM: potion effect (brilliance)
  8992 | D:8      | Reached skill level 5 in Short Blades
  8992 | D:8      | Reached skill level 5 in Long Blades
  8992 | D:8      | Reached skill level 5 in Maces & Flails
  8992 | D:8      | Reached skill level 5 in Polearms
  8992 | D:8      | Reached skill level 5 in Staves
  8992 | D:8      | Reached skill level 5 in Slings
  8992 | D:8      | Reached skill level 5 in Bows
  8992 | D:8      | Reached skill level 5 in Crossbows
  8992 | D:8      | Reached skill level 5 in Throwing
  8992 | D:8      | Reached skill level 5 in Dodging
  8992 | D:8      | Reached skill level 5 in Stealth
  8992 | D:8      | Reached skill level 5 in Unarmed Combat
  8992 | D:8      | Reached skill level 5 in Spellcasting
  8992 | D:8      | Reached skill level 5 in Evocations
  9133 | D:8      | XOM: give mutations
  9133 | D:8      | Gained mutation: You are very clumsy. (Dex -4) [Xom's
                  | mischief]
  9133 | D:8      | Gained mutation: You are weak. (Str -2) [Xom's mischief]
  9133 | D:8      | Gained mutation: You occasionally shout uncontrollably at
                  | your foes. [Xom's mischief]
  9165 | D:8      | Found Ibbuuf's Assorted Antiques.
  9490 | D:9      | XOM: chaos cloud
  9725 | D:9      | XOM: silly message
  9812 | D:9      | XOM: 1-stop teleportation journey
  9813 | D:9      | Noticed Grum
  9818 | D:9      | Killed Grum
  9866 | D:9      | XOM: give mutation
  9866 | D:9      | Gained mutation: You are frail. (-10% HP) [Xom's mischief]
  9876 | D:9      | Noticed Erica
  9971 | D:9      | XOM: god gift: leather armour {god gift}
 10067 | D:9      | XOM: blink monster(s)
 10075 | D:9      | Killed Erica
 10130 | D:9      | Noticed a two-headed ogre
 10140 | D:9      | Killed a two-headed ogre
 10140 | D:9      | Reached XP level 11. HP: 20/78 MP: 19/19
 10315 | D:9      | XOM: give mutation
 10315 | D:9      | Gained mutation: You are very frail. (-20% HP) [Xom's
                  | mischief]
 10359 | D:9      | Noticed a four-headed hydra
 10365 | D:9      | XOM: confuse monster(s)
 10372 | D:9      | Killed a four-headed hydra
 10690 | D:9      | XOM: polymorph killer bee -> worm
 10852 | D:9      | XOM: give mutations
 10852 | D:9      | Lost mutation: You are very clumsy. (Dex -4) [Xom's
                  | mischief]
 10852 | D:9      | Gained mutation: You are very weak. (Str -4) [Xom's
                  | mischief]
 10852 | D:9      | Gained mutation: You have an increased reservoir of magic.
                  | (+10% MP) [Xom's mischief]
 11001 | D:9      | Lost mutation: You are clumsy. (Dex -2) [potion of
                  | mutation]
 11001 | D:9      | Lost mutation: You are very weak. (Str -4) [potion of
                  | mutation]
 11001 | D:9      | Gained mutation: Your natural rate of healing is unusually
                  | fast. [potion of mutation]
 11066 | D:10     | Entered Level 10 of the Dungeon
 11076 | D:10     | Noticed Snorg
 11078 | D:10     | Noticed Nergalle
 11079 | D:10     | Noticed a two-headed ogre
 11083 | D:10     | Killed from afar by Nergalle

Illustrated notes

Levels and vault maps discovered:
D:1:      dpeg_arrival_tiny_i, layout_loops_cross
D:2:      layout_loops_ring, nicolae_ru_great_annihilating_truth, uniq_terence
D:3:      cheibrodos_thug_alley, layout_loops_ring,
          lemuel_zombie_altar_kikubaaqudgha, lemuel_crystal_altar,
          gammafunk_ghost_split
D:4:      layout_loops_ring, nicolae_dithmenos_through_a_glass_darkly,
          vehumet_altar_wand_db, first_ration
D:5:      layout_gridville, lemuel_doored_altar, gammafunk_ghost_arena,
          minmay_quadrilaterals
D:6:      layout_gridville, zin_treasury, nicolae_overflow_hidden_temple,
          nicolae_overflow_crystal_walls, kennysheep_mini_moat,
          minmay_temple_entry_tees, serial_shops, shop_statue, kennysheep_boxes
D:7:      layout_loops_ring, serial_rivers, chequers_serial_rivers_micro_c,
          chequers_serial_rivers_marsh, chequers_serial_rivers_micro_b,
          chequers_serial_rivers_micro_a, chequers_serial_rivers_small_3,
          chequers_serial_rivers_room_a, grunt_ogre_cave, minivault_24
D:8:      layout_rooms, serial_shops, nicolae_shop_trees,
          chequers_serial_rivers_room_a, uniq_maggie
D:9:      layout_cave_pools, uniq_grum, uniq_erica
D:10:     layout_big_octagon, ebering_ghost_gozag, nicolae_trove_entry_diagonal,
          basic_altar, uniq_erolcha, uniq_snorg, uniq_nergalle
Temple:   minmay_temple_bridge_abc

Skill      XL: |  1  2  3  4  5  6  7  8  9 10 |
---------------+-------------------------------+-----
Invocations    | 1 2 3 4 5 6 |  6.5
Short Blades   | 1 2 3 4 5 |  5.9
Long Blades    | 1 2 3 4 5 |  5.9
Maces & Flails | 1 2 3 4 5 |  5.9
Polearms       | 1 2 3 4 5 |  5.9
Staves         | 1 2 3 4 5 |  5.9
Slings         | 1 2 3 4 5 |  5.9
Bows           | 1 2 3 4 5 |  5.9
Crossbows      | 1 2 3 4 5 |  5.9
Throwing       | 1 2 3 4 5 |  5.9
Dodging        | 1 2 3 4 5 |  5.9
Stealth        | 1 2 3 4 5 |  5.9
Unarmed Combat | 1 2 3 4 5 |  5.9
Spellcasting   | 1 2 3 4 5 |  5.9
Evocations     | 1 2 3 4 5 |  5.9
Conjurations   | 1 2 3 4 |  4.9
Hexes          | 1 2 3 4 |  4.9
Charms         | 1 2 3 4 |  4.9
Summonings     | 1 2 3 4 |  4.9
Necromancy     | 1 2 3 4 |  4.9
Translocations | 1 2 3 4 |  4.9
Transmutations | 1 2 3 4 |  4.9
Fire Magic     | 1 2 3 4 |  4.9
Ice Magic      | 1 2 3 4 |  4.9
Air Magic      | 1 2 3 4 |  4.9
Earth Magic    | 1 2 3 4 |  4.9
Poison Magic   | 1 2 3 4 |  4.9
Axes           | 5 6 7 |  7.5
Fighting       | 7 8 |  8.9
Armour         | 7 8 |  8.9
Shields        | 7 8 |  8.9

Action                   |  1- 3 |  4- 6 |  7- 9 | 10-12 || total
-------------------------+-------+-------+-------+-------++-------
Melee: War axe           |    65 |   209 |   395 |   184 ||   853
       Bite              |     5 |    27 |    51 |    17 ||   100
Evoke: Wand              |       |       |       |    12 ||    12
  Use: Scroll            |     2 |     3 |     6 |     7 ||    18
       Potion            |     2 |     1 |     9 |     2 ||    14
 Stab: Paralysed         |     1 |       |     2 |       ||     3
       Sleeping          |       |       |       |     3 ||     3
  Eat: Chunk             |     1 |     6 |     5 |     6 ||    18
       Ration            |       |       |     4 |     2 ||     6
Armor: Scale mail        |    31 |    16 |       |    87 ||   134
       Chain mail        |       |    74 |   288 |     3 ||   365
Dodge: Dodged            |    22 |    69 |   165 |   100 ||   356
       Repelled          |       |       |       |     4 ||     4
Block: Kite shield       |    39 |   129 |   254 |   151 ||   573
